 Dungeon Crawl Stone Soup version 0.32-a0-656-g3542139ebd (console) character file.

Game seed: 7218791255740781448

4 n1000 the Grave Robber (level 1, 0/14 HPs)
             Began as a Coglin Necromancer on Mar 8, 2024.
             Slain by a jackal (3 damage)
             ... on level 1 of the Dungeon.
             The game lasted 00:01:12 (79 turns).

n1000 the Grave Robber (Coglin Necromancer)           Turns: 79, Time: 00:01:13

Health: 0/14       AC:  2    Str:  8    XL:     1   Next: 60%
Magic:  0/3        EV: 12    Int: 14    God:
Gold:   5          SH:  0    Dex: 14    Spells: 3/4 levels left

rFire   . . .        (no weapon)
rCold   . . .        (no shield)
rNeg    . . .        a - +0 robe
rPois   .            (no helmet)
rElec   .            (no cloak)
rCorr   .            (no gloves)
SInv    .            (no boots)
Will    .....        (amulet unavailable)
Stlth   ++           (ring unavailable)
HPRegen 0.22/turn    (ring unavailable)
MPRegen 0.08/turn    (no gizmo)

%: no passive effects
@: revving
A: off-hand wielding, slow wielding, warmup strikes, no jewellery
a: Invent Gizmo


You were on level 1 of the Dungeon.
You visited 1 branch of the dungeon, and saw 1 of its levels.

You collected 5 gold pieces.


Innate Abilities, Weirdness & Mutations

You can wield a second weapon in your off-hand.
It takes a long time for you to wield or remove held weapons.
Your first few attacks do less damage.
You cannot equip rings or amulets.


   Skills:
 + Level 0.4 Fighting
 - Level 1.7 Dodging
 - Level 1.5 Stealth
 - Level 2.0 Spellcasting
 - Level 4.0 Necromancy


You had 3 spell levels left.
You knew the following spells:

 Your Spells              Type           Power      Damage    Failure   Level
Z - Necrotise             Necr           48%        1d6       4%          1

Your spell library contained the following spells:

 Spells                   Type           Power      Damage    Failure   Level
 Vampiric Draining        Necr           12%        2d6       14%         3
 Animate Dead             Necr           12%        N/A       41%         4
 Curse of Agony           Necr           12%        N/A       77%         5

Inventory:

Armour
 a - a +0 robe (worn)
Potions
 b - a potion of magic


Message History

The quokka barely misses your jackal skeleton.
Your jackal skeleton closely misses the quokka.
Something bites your jackal skeleton.
Your jackal skeleton bites the quokka but does no damage.
The quokka bites your jackal skeleton.
Your jackal skeleton misses the quokka.
The quokka barely misses your jackal skeleton.
Your jackal skeleton completely misses the quokka.
The quokka bites your jackal skeleton.
Your jackal skeleton bites the quokka.
The quokka bites your jackal skeleton.
Your jackal skeleton is destroyed!
Found a hand axe.
You are too injured to fight recklessly!
Casting: Necrotise (safe; 4% risk of failure)
Confirm with . or Enter, or press ? or * to list all spells.
Aiming: Necrotise (safe; 4% risk of failure)
Press: ? - help, Shift-Dir - straight line, f - quokka
Aim: a quokka (chance to affect: 81%)
You miscast Necrotise.
You are very lightly contaminated with residual magic.
Nothing appears to happen.
Casting: Necrotise (safe; 4% risk of failure)
Confirm with . or Enter, or press ? or * to list all spells.
You don't have enough magic to cast this spell.
Found 24 gold pieces.
A ball python comes into view.
The jackal bites you.
Your magical contamination has completely faded away.
Casting: Necrotise (safe; 4% risk of failure)
Confirm with . or Enter, or press ? or * to list all spells.
Aiming: Necrotise (safe; 4% risk of failure)
Press: ? - help, Shift-Dir - straight line, f - jackal, p - quokka
Aim: a jackal (chance to affect: 81%)
The jackal barely resists.
The jackal barely misses you. The jackal bites you.
You closely miss the jackal.
The ball python hisses angrily.
The quokka closely misses you. The jackal bites you.
* * * LOW HITPOINT WARNING * * *
You closely miss the jackal. Your punch misses the jackal.
The jackal bites you.
You die...

#### ##...## ##.$...##
#.......# #......@#
#.....rh########
##.....###.....#
#.......##.....#
#.......##.....#########
...S.....r.r.............
.........................
.......#.....~.....~.....
####.#......P~..¤¤¤¤P....


You could see a quokka, a jackal and a ball python.

Vanquished Creatures
  3 jackals (D:1)
3 creatures vanquished.

Notes
Turn   | Place    | Note
-------+----------+-------------------------------------------
     0 | D:1      | n1000 the Coglin Necromancer began the quest for the Orb.
     0 | D:1      | Reached XP level 1. HP: 13/13 MP: 3/3
    50 | D:1      | HP: 2/13 [jackal (2)]
    79 | D:1      | Slain by a jackal

Levels and vault maps discovered:
D:1:      orjb1_lava_funnel, layout_rooms, basic_ecumenical_altar, minivault_24,
          nrook_campfire, minmay_misc_feat_square

Action                     || total
---------------------------++-------
  Melee: Unarmed           ||    33
   Cast: Necrotise         ||     7
 Armour: Robe              ||    24
  Dodge: Dodged            ||    29
